 Dungeon Crawl Stone Soup version 0.29.0-11-gd7f09526c8 (webtiles) character file.

Game seed: 10298382591037080502

51 pacmanke6689 the Shooter (level 4, -1/51 HPs)
             Began as a Human Hunter on Sept 3, 2022.
             Was an Initiate of Okawaru.
             Slain by an orc wizard
             ... wielding a +0 dagger
              (3 damage)
             ... on level 3 of the Dungeon.
             The game lasted 00:09:05 (1837 turns).

pacmanke6689 the Shooter (Human Hunter)             Turns: 1837, Time: 00:09:05

Health: -1/51      AC: 22    Str: 10 (11) XL:     4   Next: 5%
Magic:  4/4        EV:  2    Int:  8 (9)  God:    Okawaru [......]
Gold:   112        SH:  0    Dex: 19      Spells: 3/3 levels left

rFire   . . .      SeeInvis .   a - +0 shortbow
rCold   . . .      Faith    .   (shield currently unavailable)
rNeg    . . .      Spirit   .   (body armour currently unavailable)
rPois   +          Reflect  .   (helmet currently unavailable)
rElec   .          Harm     .   (cloak currently unavailable)
rCorr   .          Rampage  .   (gloves currently unavailable)
Will    .....      NoTele   +   (boots currently unavailable)
Stlth   ++........              (no amulet)
HPRegen 0.17/turn               (no ring)
MPRegen 0.09/turn               (no ring)

@: tree-form
A: stationary, stasis, torment immunity, boosted hp, (iridescent scales 1),
deterioration 1
a: Renounce Religion


You were on level 3 of the Dungeon.
You worshipped Okawaru.
Okawaru was noncommittal.
You were a tree.
You visited 1 branch of the dungeon, and saw 4 of its levels.

You collected 112 gold pieces.

Inventory:

Hand Weapons
 a - a +0 shortbow (weapon)
Armour
 c - a +0 leather armour (melded)
Jewellery
 d - a ring of poison resistance
Scrolls
 b - 4 scrolls of immolation
 f - a scroll of noise
 i - a scroll of vulnerability {unknown}
 k - a scroll of blinking {unknown}
 l - a scroll of fear {unknown}
Potions
 e - a potion of might
 h - a potion of flight {unknown}


   Skills:
 + Level 2.5 Fighting
 + Level 4.8 Ranged Weapons
 + Level 0.4 Armour
 + Level 2.2 Dodging
 + Level 1.0 Stealth


You had 3 spell levels left.
You didn't know any spells.
Your spell library was empty.

Dungeon Overview and Level Annotations

Branches:
Dungeon (4/15)
 Temple: D:4-7

Altars:
Hepliaklqana
Okawaru

Shops:
D:1 (


Innate Abilities, Weirdness & Mutations

You are a tree.
Your roots penetrate the ground, keeping you stationary.
You cannot be teleported.
You are immune to unholy pain and torment.
Your maximum health is greatly increased.
Your equipment is partially melded.
((You are partially covered in iridescent scales. (AC +2)))
Your body sometimes deteriorates upon taking damage.


Message History

You feel agile.
Fire: a) +0 shortbow
Press: ? - help, Q - select action Shift-Dir - straight line, f - orc
Aim: an orc, wielding a +0 mace and wearing a +0 leather armour (64% to hit)
You shoot an arrow. The arrow hits the orc!
You kill the orc!
Okawaru accepts your kill. Something hits you.
* * * LOW HITPOINT WARNING * * *
Fire: a) +0 shortbow
Press: ? - help, Q - select action Shift-Dir - straight line, f - kobold
Aim: a kobold, wielding a +0 short sword, wearing a +0 robe and quivering stones (58% to hit)
You shoot an arrow.
The arrow hits the kobold but does no damage.
Something hits you but does no damage.
You hear some strange, mumbled words.
A magic dart appears from out of thin air!
The magic dart hits you.
* * * LOW HITPOINT WARNING * * *
Fire: a) +0 shortbow
Press: ? - help, Q - select action Shift-Dir - straight line, f/p - kobold
Aim: a kobold, wielding a +0 short sword, wearing a +0 robe and quivering stones (58% to hit)
You shoot an arrow. Something hits you but does no damage.
Fire: a) +0 shortbow
Press: ? - help, Q - select action Shift-Dir - straight line, f/p - kobold
Aim: a kobold, wielding a +0 short sword, wearing a +0 robe and quivering stones (58% to hit)
You shoot an arrow.
The arrow hits the kobold but does no damage.
Something hits you but does no damage.
It was a potion of lignification.
You turn into a tree.
Your +0 leather armour melds into your body.
Your roots penetrate the ground.
Something hits you but does no damage.
Fire: a) +0 shortbow
Press: ? - help, Q - select action Shift-Dir - straight line, f/p - kobold
Aim: a kobold, wielding a +0 short sword, wearing a +0 robe and quivering stones (58% to hit)
You shoot an arrow. The arrow hits the kobold.
The kobold is moderately wounded.
Something hits you.
You die...

#.# #.. ... #.#
#.# ##.####.##
#..{K..... #.♣#
#..# # #..#
#.[#####
#.##..####...
.......>
#............
...#####
####..#########.
#.......)....
##....####
####.#############


You could see a kobold.

Vanquished Creatures
  A worm (D:2)
  A dart slug (D:2)
  3 orcs (D:3)
  5 bats
  3 endoplasms
  3 giant cockroaches
  5 goblins
  3 hobgoblins
  3 kobolds
  7 ball pythons
  2 frilled lizards
  4 rats
40 creatures vanquished.

Notes
Turn   | Place    | Note
-------+----------+-------------------------------------------
     0 | D:1      | pacmanke6689 the Human Hunter began the quest for the Orb.
     0 | D:1      | Reached XP level 1. HP: 16/16 MP: 1/1
   198 | D:1      | Reached XP level 2. HP: 22/22 MP: 2/2
   299 | D:1      | Found a faded altar of an unknown god.
   351 | D:1      | Found Nyalask's Antique Weapon Shop.
   614 | D:2      | Found an iron altar of Okawaru.
   640 | D:2      | Reached XP level 3. HP: 12/28 MP: 3/3
   674 | D:2      | Became a worshipper of Warmaster Okawaru
   920 | D:2      | You fall into a shaft and drop 2 floors!
   938 | D:4      | Noticed a steam dragon
  1662 | D:3      | Gained mutation: Your body sometimes deteriorates upon
                  | taking damage. [potion of mutation]
  1662 | D:3      | Gained mutation: You are partially covered in iridescent
                  | scales. (AC +2) [potion of mutation]
  1667 | D:3      | Found a hazy altar of Hepliaklqana.
  1832 | D:3      | Reached XP level 4. HP: 6/34 MP: 4/4
  1833 | D:3      | HP: 1/34 [something/magic dart (4)]
  1837 | D:3      | Slain by an orc wizard

Illustrated notes

Levels and vault maps discovered:
D:1:      tarquinn_simple_flora_water_f, layout_loops_ring,
          shapermc_ecumenical_altar_flowoftime, serial_shops,
          nicolae_shop_stone, minmay_misc_feat_iff
D:2:      layout_rooms, basic_altar, uniq_terence
D:3:      layout_loops_ring, nicolae_hepliaklqana_hippocampus
D:4:      layout_loops_cross, ebering_ghost_reflecting_pool, uniq_robin,
          uniq_menkaure

Action                   |  1- 3 |  4- 6 || total
-------------------------+-------+-------++-------
 Fire: Shortbow          |   107 |     5 ||   112
  Use: Scroll            |     5 |       ||     5
       Potion            |     1 |     1 ||     2
Armor: Leather armour    |    16 |     3 ||    19
       Skin              |       |     1 ||     1
Dodge: Dodged            |    33 |       ||    33
